 Dungeon Crawl Stone Soup version 0.20.1-1-g8b1a95d (webtiles) character file.

84 Jindor the Ruffian (level 4, -10/38 HPs)
             Began as a Ghoul Monk on Oct 23, 2017.
             Killed by divine providence
             ... invoked by an orc priest
              (14 damage)
             ... on level 3 of the Dungeon.
             The game lasted 00:17:51 (1718 turns).

Jindor the Ruffian (Ghoul Monk)                     Turns: 1718, Time: 00:17:51

Health: -10/38     AC:  3    Str: 15    XL:     4   Next: 45%
Magic:  0/3        EV: 13    Int:  5    God:    Xom [*.....]
Gold:   50         SH:  0    Dex: 11    Spells: 3/3 levels left

rFire    . . .     SeeInvis .     - Unarmed
rCold    + . .     Gourm    .   (no shield)
rNeg     + + +     Faith    .   a - +0 robe
rPois    ∞         Spirit   +   (no helmet)
rElec    .         Reflect  .   (no cloak)
rCorr    .         Harm     .   k - +0 pair of gloves
MR       .....                  (no boots)
Stlth    ++........             m - amulet of guardian spirit
Regen    0.0/turn               (no ring)
MPRegen  0.1/turn               (no ring)

@: rotting
A: rotting body, claws 1, carnivore 3, cold resistance 1, negative energy
resistance 3, inhibited regeneration, torment resistance, unbreathing
a: Renounce Religion


You were on level 3 of the Dungeon.
You worshipped Xom.
You were a special plaything of Xom.
You were not hungry.

You visited 1 branch of the dungeon, and saw 3 of its levels.

You collected 50 gold pieces.

Inventory:

Hand Weapons
 c - a cursed -2 club
 e - a +0 dagger
 f - a +0 hunting sling
 i - a +0 club {i}
 j - a +0 club
Armour
 a - a +0 robe (worn)
 g - a +0 ring mail
 k - a +0 pair of gloves (worn)
Jewellery
 m - an amulet of guardian spirit (around neck)
Scrolls
 h - 2 scrolls of amnesia {unknown}
 l - a scroll of identify
 n - a scroll of teleportation
Potions
 q - a potion of might
Comestibles
 b - 3 meat rations
 d - a chunk of flesh


   Skills:
 + Level 3.5 Fighting
 + Level 3.2 Dodging
 + Level 3.1 Stealth
 + Level 4.4 Unarmed Combat


You had 3 spell levels left.
You didn't know any spells.

Dungeon Overview and Level Annotations

Branches:
Dungeon (3/15)

Altars:
Sif Muna
Xom


Innate Abilities, Weirdness & Mutations

Your body is rotting away.
You thrive on raw meat.
You are immune to poison.
You have sharp fingernails.
You are carnivorous and can eat meat at any time.
Your flesh is cold resistant. (rC+)
You are immune to negative energy. (rN+++)
You do not regenerate when monsters are visible.
You are immune to unholy pain and torment.
You can survive without breathing.


Message History

Xom's attention turns to you for a moment.
You are blasted with sand!
* * * LOW HITPOINT WARNING * * *
There is a stone staircase leading down here.
You climb downwards.
There is a stone staircase leading up here.
You are too injured to fight recklessly!
You are too injured to fight recklessly!
The orc priest hits you with a hand axe!
* * * LOW HITPOINT WARNING * * *
You closely miss the orc priest. You hit the orc priest.
The orc priest is heavily wounded.
The orc priest looks encouraged for a moment.
You hit the orc priest.
The orc priest is heavily wounded.
The orc priest calls down the wrath of Beogh upon you.
Beogh smites you!
You die...
Xom giggles madly!

#### #.. #
###[# .#
#.[<# ..
##.#.#.#
#...@..#
#..#o....#
####..##.#
.... #
##..# ...
#### .#


You could see an orc priest.

Vanquished Creatures
  An orc wizard (D:3)
  An adder (D:2)
  3 dart slugs
  A leopard gecko (D:2)
  3 orcs
  8 bats
  2 giant cockroaches (D:1)
  6 goblins
  3 hobgoblins
  A ball python (D:2)
  4 frilled lizards
  3 rats (D:1)
36 creatures vanquished.

Notes
Turn   | Place    | Note
-------+----------+-------------------------------------------
     0 | D:1      | Jindor the Ghoul Monk began the quest for the Orb.
     0 | D:1      | Reached XP level 1. HP: 19/19 MP: 0/0
   186 | D:1      | Reached XP level 2. HP: 25/26 MP: 1/1
   646 | D:2      | Reached XP level 3. HP: 29/31 MP: 2/2
   688 | D:2      | Found a faded altar of an unknown god.
   714 | D:2      | Became a worshipper of Xom the Capricious
   944 | D:2      | Reached skill level 4 in Unarmed Combat
  1086 | D:2      | XOM: silly message
  1153 | D:2      | XOM: summons 4 hostile shadow creatures
  1204 | D:2      | Found a deep blue altar of Sif Muna.
  1283 | D:2      | XOM: 5-stop teleportation journey
  1351 | D:2      | XOM: mild Hex miscast
  1629 | D:3      | Reached XP level 4. HP: 38/38 MP: 3/3
  1683 | D:2      | XOM: medium Erth miscast
  1718 | D:3      | Killed from afar by an orc priest

Skill      XL: |  1  2  3 |
---------------+----------+-----
Dodging        | 3 |  3.2
Unarmed Combat | 4 |  4.4
Stealth        | 3 |  3.1
Fighting       | |  3.5

Action                   |  1- 3 |  4- 6 || total
-------------------------+-------+-------++-------
Melee: Unarmed           |   108 |     9 ||   117
  Use: Potion            |     4 |       ||     4
       Scroll            |     5 |       ||     5
 Stab: Sleeping          |     8 |       ||     8
  Eat: Chunk             |     4 |       ||     4
Armor: Robe              |    27 |       ||    27
Dodge: Dodged            |   100 |     6 ||   106
